 Dungeon Crawl Stone Soup version 0.29.0-11-gd7f09526c8 (webtiles) character file.

Game seed: 11845945711146598174

183 Artool the Trooper (level 5, -3/42 HPs)
             Began as a Demonspawn Berserker on Sept 6, 2022.
             Was a Believer of Trog.
             Slain by a gnoll
             ... wielding a +0 whip
              (7 damage)
             ... on level 4 of the Dungeon.
             The game lasted 00:09:55 (2834 turns).

Artool the Trooper (Demonspawn Berserker)           Turns: 2834, Time: 00:09:56

Health: -3/42      AC:  2    Str: 19    XL:     5   Next: 35%
Magic:  5/5        EV: 12    Int:  9    God:    Trog [**....]
Gold:   178        SH:  0    Dex: 12    Spells: 4/4 levels left

rFire   . . .      SeeInvis .   a - +1 whip (vamp)
rCold   . . .      Faith    .   (no shield)
rNeg    . . .      Spirit   .   b - +0 animal skin
rPois   .          Reflect  .   (helmet restricted)
rElec   .          Harm     .   (no cloak)
rCorr   .          Rampage  .   (no gloves)
Will    .....                   (no boots)
Stlth   +.........              (no amulet)
HPRegen 0.14/turn               (no ring)
MPRegen 0.09/turn               (no ring)

@: no status effects
A: horns 1, spiny 1, demonic touch 2
a: Renounce Religion, Berserk, Trog's Hand


You were on level 4 of the Dungeon.
You worshipped Trog.
Trog was pleased with you.
You visited 1 branch of the dungeon, and saw 4 of its levels.

You collected 178 gold pieces.

Inventory:

Hand Weapons
 a - a +1 vampiric whip (weapon)
 m - a +0 flail of holy wrath
 n - a +2 falchion of electrocution
Missiles
 i - 2 poisoned darts (quivered)
Armour
 b - a +0 animal skin (worn)
 g - a +0 plate armour
Scrolls
 d - 2 scrolls of fear {unknown}
 e - 2 scrolls of enchant armour {unknown}
 f - 2 scrolls of noise {unknown}
 k - a scroll of identify {unknown}
 l - a scroll of immolation {unknown}
 p - a scroll of magic mapping {unknown}
 q - a scroll of summoning {unknown}
Potions
 c - 2 potions of curing {unknown}
 h - a potion of attraction {unknown}
 j - a potion of degeneration {unknown}
 o - a potion of brilliance {unknown}
 r - a potion of ambrosia {unknown}


   Skills:
 + Level 4.0 Fighting
 + Level 3.6 Maces & Flails
 + Level 3.0 Armour
 + Level 2.9 Dodging


You had 4 spell levels left.
You didn't know any spells.
Your spell library contained the following spells:

 Spells                   Type           Power      Damage    Failure   Level
 Magic Dart               Conj           0%         1d3       38%         1
 Call Imp                 Summ           0%         N/A       52%         2
 Ensorcelled Hibernation  Hex/Ice        0%         N/A       52%         2
 Mephitic Cloud           Conj/Pois/Air  0%         N/A       77%         3
 Spider Form              Tmut/Pois      0%         N/A       77%         3
 Anguish                  Hex/Necr       0%         N/A       99%         4


Dungeon Overview and Level Annotations

Branches:
Dungeon (4/15)
 Temple: D:4-7

Altars:
Yredelemnul


Innate Abilities, Weirdness & Mutations

You have a pair of small horns on your head.
You are partially covered in sharp spines.
Your touch may inflict irresistible damage on your foes.


Message History

The gnoll shouts!
A gnoll comes into view. It is wielding a +0 whip.
The gnoll shouts!
A gnoll comes into view. It is wielding a +0 club.
You closely miss the gnoll. You headbutt the gnoll.
You touch the gnoll!
You kill the gnoll!
Trog accepts your kill.
Your Fighting skill increases to level 4!
Your Armour skill increases to level 3!
The gnoll barely misses you.
A gnoll comes into view. It is wielding a +0 spear of flaming.
Things that are here:
a +0 whip; a gnoll corpse You closely miss the gnoll.
Your touch misses the gnoll. The gnoll misses you.
You closely miss the gnoll. You closely miss the gnoll.
You headbutt the gnoll, but do no damage.
The gnoll is struck by your spines. The gnoll hits you with a +0 whip.
You whack the gnoll!
You feel better.
Your headbutt misses the gnoll.
The gnoll is severely wounded.
The gnoll is struck by your spines. The gnoll hits you with a +0 whip.
You closely miss the gnoll. Your touch misses the gnoll.
The gnoll is severely wounded.
The gnoll hits you with a +0 club. The gnoll is struck by your spines.
The gnoll hits you with a +0 whip.
You hit the gnoll but do no damage. Your headbutt misses the gnoll.
Your touch misses the gnoll. The gnoll hits you with a +0 club.
The gnoll hits you from afar with a +0 spear of flaming!
The gnoll burns you.
* * * LOW HITPOINT WARNING * * *
The gnoll attacks as you move away! The gnoll is struck by your spines.
The gnoll hits you with a +0 club.
* * * LOW HITPOINT WARNING * * *
Found a stone staircase leading down.
The gnoll hits you from afar with a +0 spear of flaming.
* * * LOW HITPOINT WARNING * * *
The gnoll burns you.
* * * LOW HITPOINT WARNING * * *
The gnoll attacks as you move away! The gnoll hits you with a +0 whip!
You die...

#..# ###..#
>.... ...# ##
..# #.#
#.###g# #.#
#.#.g###[##
#..)g@....#
#!..####..#
#.#
#.##...####..#
#.#
#.........#..#
#.#
#............#
#.# #
#.........##)#
#.# #.
####...#####)#
#.# #. #...#
#.# #.# .
#^..# #.# #.#


You could see 3 gnolls.

Vanquished Creatures
  A hound (D:2)
  An orc priest (D:3)
  Natasha (D:4)
  3 adders
  A gnoll (D:4)
  An ufetubus (D:4)
  2 worms
  7 orcs
  2 giant cockroaches
  4 goblins
  3 hobgoblins
  4 kobolds
  3 quokkas
  2 ball pythons
  A ball python zombie (D:3)
  8 bats
  2 frilled lizards (D:1)
  A giant cockroach zombie (D:3)
  A rat (D:1)
48 creatures vanquished.

Notes
Turn   | Place    | Note
-------+----------+-------------------------------------------
     0 | D:1      | Artool the Demonspawn Berserker began the quest for the
                  | Orb.
     0 | D:1      | Reached XP level 1. HP: 18/18 MP: 1/1
   331 | D:1      | Discovered your monstrous ancestry.
   331 | D:1      | Gained mutation: You have a pair of small horns on your
                  | head. [demonic ancestry]
   331 | D:1      | Reached XP level 2. HP: 24/24 MP: 2/2
   751 | D:1      | Found a faded altar of an unknown god.
  1027 | D:2      | Gained mutation: Your touch may inflict minor irresistible
                  | damage on your foes. [demonic ancestry]
  1027 | D:2      | Reached XP level 3. HP: 24/29 MP: 3/3
  1620 | D:2      | Gained mutation: Your touch may inflict irresistible damage
                  | on your foes. [demonic ancestry]
  1620 | D:2      | Reached XP level 4. HP: 35/35 MP: 4/4
  2056 | D:3      | Reached ** piety under Trog
  2487 | D:3      | Found a basalt altar of Yredelemnul.
  2686 | D:4      | Noticed Natasha
  2688 | D:4      | Killed Natasha
  2689 | D:4      | Gained mutation: You are partially covered in sharp spines.
                  | [demonic ancestry]
  2689 | D:4      | Reached XP level 5. HP: 37/42 MP: 5/5
  2825 | D:4      | Reached skill level 4 in Fighting
  2834 | D:4      | Slain by a gnoll

Illustrated notes

Levels and vault maps discovered:
D:1:      minmay_arrival_wavy_path, layout_loops_ring,
          shapermc_ecumenical_altar_mp_vishouse
D:2:      layout_loops_ring, feat_on_display
D:3:      layout_loops_ring, lemuel_zombie_altar_yredelemnul, hex_medium
D:4:      layout_loops_ring, serial_shops, nicolae_lakefront_shop, uniq_robin,
          uniq_natasha, uniq_blork_the_orc

Skill      XL: |  1  2  3  4  5 |
---------------+----------------+-----
Armour         | 2 3 |  3.0
Dodging        | 2 |  2.9
Maces & Flails | 3 |  3.6
Fighting       | 4 |  4.0

Action                   |  1- 3 |  4- 6 || total
-------------------------+-------+-------++-------
Melee: Whip              |    39 |    53 ||    92
       Mace              |     7 |       ||     7
       Headbutt          |     2 |     3 ||     5
       Touch             |     1 |    10 ||    11
Throw: Boomerang         |    22 |       ||    22
       Dart              |       |     2 ||     2
Invok: Berserk           |       |     1 ||     1
Armor: Animal skin       |    10 |     8 ||    18
Dodge: Dodged            |    32 |    17 ||    49
